AoeStats
← Abetterhandle

MegaRandom

510487987Analyzed
4v4 RM · 1d ago on Oct 1, 2026· 8m 37s· 8 players
Game mode
Random Map
Map size
Large (8 player)
Population
200
Speed
Normal
Resources
Standard
Victory
Conquest
Starting age
Dark Age
Ending age
Imperial Age
RankedLock teamsTeams togetherTeam positionsShared explorationLock speedFull tech treeHidden civsTurbo modeCheats
Victory
Defeat
🇨🇳 Franks · China
925
+15
🇨🇳 Varangians · China
911
+16
🇨🇳 Saracens · China
883
+17
🇨🇳 Bulgarians · China
843
+19
🇨🇳 Huns · China
938
-18
🇨🇳 Mongols · China
935
-18
🇳🇿 Britons · New Zealand
919
-17
🇫🇷 Varangians · France
844
-14
Michael Jackson
0:42 Loom
威力古德
4:59 Loom
世锦赛冠军
知行
1:15 Loom
1:37 Loom
maxoog93
3:29 Loom
3:41 Loom
卢本伟
1:43 Loom
wkl
2:34 Loom
Abetterhandle
1:09 Loom
10:42 Feudal Age
Connection lost

Rejoining the realm…

Still unreachable

The connection could not be restored.

Session expired

The server has moved on; the page needs a fresh start.